[ AOE2 MATCH · #504768949 ]
UnrankedSaracens vs Bengalis
Player's team · WIN
Rival team · LOSS
[ REPLAY ANALYSIS · EXTRACTED FROM THE RECORDED GAME ]
Feudal
—
Castle
—
Imperial
—
| APM avg | 86.8 |
| APM peak | 108 |
| eAPM avg | 27.1 |
| Villagers / military | 26 / 3 |
Focus
⚔️ 33.5% · 🌾 66.5%
Militia ×3
Feudal
—
Castle
—
Imperial
—
| APM avg | 70.8 |
| APM peak | 91 |
| eAPM avg | 24.9 |
| Villagers / military | 26 / 0 |
Focus
⚔️ 39.4% · 🌾 60.6%
Match map
Initial resources + every placement click. Lines = walls · curves = elevation contours. ◆ gold · ⬟ stone · ● berries · ✦ relic · ◌ wall gap
Your base
ANKR.Tank20089's base
Smoothed initial terrain · ◌ = detected wall gap · hover for details
Inputs per minute
— Gil-galad - - ANKR.Tank20089
Build order — Gil-galad
39 actions detected in the replay
| 0:00 | Create | Villager (Male) |
| 0:00 | Create | Villager (Male) |
| 0:00 | Create | Villager (Male) |
| 0:01 | Build | House |
| 0:02 | Build | House |
| 0:06 | Create | Villager (Male) |
| 0:06 | Create | Villager (Male) |
| 1:22 | Create | Villager (Male) |
| 1:22 | Create | Villager (Male) |
| 1:46 | Build | Lumber Camp |
| 2:00 | Create | Villager (Male) |
| 2:00 | Create | Villager (Male) |
| 2:24 | Create | Villager (Male) |
| 2:24 | Create | Villager (Male) |
| 2:51 | Create | Villager (Male) |
| 2:51 | Create | Villager (Male) |
| 3:06 | Create | Villager (Male) |
| 3:44 | Create | Villager (Male) |
| 3:53 | Build | House |
| 4:06 | Create | Villager (Male) |
| 4:25 | Build | Barracks |
| 4:34 | Create | Villager (Male) |
| 4:56 | Create | Villager (Male) |
| 5:05 | Build | House |
| 5:17 | Create | Villager (Male) |
| 5:19 | Create | Militia |
| 5:37 | Create | Villager (Male) |
| 5:42 | Create | Militia |
| 6:03 | Create | Militia |
| 6:08 | Create | Villager (Male) |
| 6:12 | Build | Mill |
| 6:28 | Create | Villager (Male) |
| 6:37 | Build | House |
| 6:45 | Create | Villager (Male) |
| 7:16 | Create | Villager (Male) |
| 7:20 | Research | Loom |
| 7:21 | Create | Villager (Male) |
| 7:34 | Build | Mill |
| 8:04 | Create | Villager (Male) |
Build order — ANKR.Tank20089
42 actions detected in the replay
| 0:00 | Create | Villager (Male) |
| 0:01 | Build | House |
| 0:02 | Build | House |
| 0:09 | Create | Villager (Male) |
| 0:10 | Create | Villager (Male) |
| 0:10 | Create | Villager (Male) |
| 1:34 | Create | Villager (Male) |
| 1:34 | Create | Villager (Male) |
| 1:54 | Create | Villager (Male) |
| 1:54 | Create | Villager (Male) |
| 1:54 | Create | Villager (Male) |
| 2:29 | Create | Villager (Male) |
| 2:54 | Create | Villager (Male) |
| 3:25 | Create | Villager (Male) |
| 3:26 | Create | Villager (Male) |
| 3:26 | Create | Villager (Male) |
| 3:30 | Build | Lumber Camp |
| 3:45 | Create | Villager (Male) |
| 3:45 | Create | Villager (Male) |
| 4:04 | Create | Villager (Male) |
| 4:10 | Create | Villager (Male) |
| 4:11 | Build | House |
| 4:38 | Create | Villager (Male) |
| 4:40 | Create | Villager (Male) |
| 4:44 | Build | House |
| 4:46 | Create | Villager (Male) |
| 5:05 | Create | Villager (Male) |
| 5:16 | Build | Palisade Wall |
| 5:18 | Build | Palisade Wall |
| 5:56 | Create | Villager (Male) |
| 6:12 | Create | Villager (Male) |
| 6:18 | Build | House |
| 6:20 | Build | Palisade Wall |
| 6:28 | Create | Villager (Male) |
| 7:25 | Build | Mill |
| 7:30 | Create | Villager (Male) |
| 7:43 | Build | House |
| 7:44 | Build | Palisade Wall |
| 8:07 | Build | Palisade Wall |
| 8:10 | Build | Palisade Wall |
| 8:12 | Build | Palisade Wall |
| 8:13 | Build | Palisade Wall |
Match timeline
| 4:25 | Gil-galad · first_building Barracks |
| 5:16 | ANKR.Tank20089 · wall_segment Palisade Wall x1 |
| 5:18 | ANKR.Tank20089 · wall_segment Palisade Wall x5 |
| 6:20 | ANKR.Tank20089 · wall_segment Palisade Wall x1 |
| 7:44 | ANKR.Tank20089 · wall_segment Palisade Wall x7 |
| 8:07 | ANKR.Tank20089 · wall_segment Palisade Wall x1 |
| 8:10 | ANKR.Tank20089 · wall_segment Palisade Wall x1 |
| 8:12 | ANKR.Tank20089 · wall_segment Palisade Wall x1 |
| 8:13 | ANKR.Tank20089 · wall_segment Palisade Wall x1 |
| 8:25 | ANKR.Tank20089 · resign |
[ AI ANALYSIS · 1 CREDIT ]
What really happened in this match?
Wolo.gg analyzes every decision: build order, eco, micro, common mistakes by bracket. Personalized analysis on WhatsApp or Discord in 30 seconds.
Civ guide
Saracens
Perfil
Gil-galad